 Dungeon Crawl Stone Soup version 0.22.1-1-ga44c0e56f4 (webtiles) character file.

345 LLavrengius the Shield-Bearer (level 6, -3/53 HPs)
             Began as a Gnoll Fighter on Sept 29, 2018.
             Was a Follower of Elyvilon.
             Killed by divine providence
             ... invoked by an orc priest
              (12 damage)
             ... on level 4 of the Dungeon.
             The game lasted 00:08:18 (2183 turns).

LLavrengius the Shield-Bearer (Gnoll Fighter)       Turns: 2183, Time: 00:08:18

Health: -3/53      AC: 10    Str: 23    XL:     6   Next: 58%
Magic:  9/9        EV:  7    Int: 13    God:    Elyvilon [*.....]
Gold:   156        SH:  0    Dex: 14    Spells: 9/9 levels left

rFire    . . .     SeeInvis .   a - +0 long sword
rCold    . . .     Gourm    +   c - +0 shield
rNeg     . . .     Faith    .   o - +0 chain mail
rPois    .         Spirit   .   (no helmet)
rElec    .         Reflect  .   (no cloak)
rCorr    .         Harm     .   (no gloves)
MR       .....                  (no boots)
Stlth    ..........             e - amulet of the gourmand
HPRegen  0.17/turn              (no ring)
MPRegen  0.11/turn              (no ring)

@: confused, mighty
A: distributed training, fangs 1, strong nose
a: Lesser Healing, Divine Protection, Renounce Religion


You were on level 4 of the Dungeon.
You worshipped Elyvilon.
Elyvilon was aware of your devotion.
You were completely stuffed.

You visited 1 branch of the dungeon, and saw 4 of its levels.

You collected 156 gold pieces.

Inventory:

Hand Weapons
 a - a +0 long sword (weapon)
 k - a +0 hunting sling
Missiles
 m - 61 sling bullets
 w - 6 javelins (quivered)
Armour
 c - a +0 shield (worn)
 o - a +0 chain mail (worn)
Jewellery
 e - an amulet of the gourmand (around neck)
Scrolls
 b - a scroll of fear {unknown}
 g - 2 scrolls of enchant weapon {unknown}
 i - 7 scrolls of teleportation {unknown}
 j - 3 scrolls of remove curse {unknown}
 l - a scroll of immolation {unknown}
 q - a scroll of magic mapping {unknown}
 r - 3 scrolls of identify {unknown}
 s - a scroll of noise {unknown}
 t - a scroll of random uselessness {unknown}
Potions
 d - a potion of might
 h - a potion of lignification {unknown}
 p - a potion of mutation {unknown}
 u - a potion of magic {unknown}
 v - a potion of curing {unknown}
Comestibles
 f - 6 rations


   Skills:
 + Level 6.8 Fighting
 + Level 2.0 Short Blades
 + Level 5.0 Long Blades
 + Level 2.0 Axes
 + Level 2.0 Maces & Flails
 + Level 2.0 Polearms
 + Level 2.0 Staves
 + Level 2.0 Slings
 + Level 2.0 Bows
 + Level 2.0 Crossbows
 + Level 2.0 Throwing
 + Level 6.8 Armour
 + Level 2.0 Dodging
 + Level 2.0 Stealth
 + Level 6.8 Shields
 + Level 2.0 Unarmed Combat
 + Level 2.0 Spellcasting
 + Level 1.5 Conjurations
 + Level 1.5 Hexes
 + Level 1.5 Charms
 + Level 1.5 Summonings
 + Level 1.5 Necromancy
 + Level 1.5 Translocations
 + Level 1.5 Transmutations
 + Level 1.5 Fire Magic
 + Level 1.5 Ice Magic
 + Level 1.5 Air Magic
 + Level 1.5 Earth Magic
 + Level 1.5 Poison Magic
 + Level 2.2 Invocations
 + Level 2.0 Evocations


You had 9 spell levels left.
You didn't know any spells.
Your spell library was empty.

Dungeon Overview and Level Annotations

Branches:
Dungeon (4/15)
 Temple: D:4-7

Altars:
Dithmenos
Elyvilon
Trog


Innate Abilities, Weirdness & Mutations

Your experience applies equally to all skills.
You have very sharp teeth.
Your uncanny sense of smell can sniff out nearby items.


Message History

The orc priest is almost dead.
The orc wizard hits you with a dagger.
The orc priest mumbles some strange prayers to Beogh against you.
Beogh smites you!
* * * LOW HITPOINT WARNING * * *
The orc wizard hits you with a dagger.
* * * LOW HITPOINT WARNING * * *
You closely miss the orc priest.
The orc priest is almost dead.
You block the orc priest's attack.
The orc wizard gestures at you while chanting.
You are confused.
The orc priest looks encouraged for a moment.
All of the chunks of flesh in your inventory have rotted away.
Your chain mail prevents you from hitting the orc priest.
The orc priest is almost dead.
The orc wizard hits you but does no damage.
The orc priest calls down the wrath of Beogh upon you.
Beogh smites you!
You die...

#.......... #...#
#........# ...#
##.......## #..#
##.........#
##..........#
###.(.........#
.#.............#
.......oo.......#
#......@........#
.......#.........
.....######......
..... #...## ....
#..# .##. .## ∆ #


You could see an orc priest and an orc wizard.

Vanquished Creatures
  Purgy (D:3)
  Natasha (thrice) (D:3)
  A worker ant (D:3)
  4 adders
  3 gnolls (D:2)
  3 worms
  A dart slug (D:2)
  2 leopard geckos
  3 orcs (D:3)
  6 giant cockroaches
  8 goblins
  10 hobgoblins
  6 jackals (D:2)
  A quokka (D:2)
  4 bats
  2 frilled lizards
  9 kobolds
  4 rats
71 creatures vanquished.

Notes
Turn   | Place    | Note
-------+----------+-------------------------------------------
     0 | D:1      | LLavrengius the Gnoll Fighter began the quest for the Orb.
     0 | D:1      | Reached XP level 1. HP: 23/23 MP: 1/1
   457 | D:1      | Reached XP level 2. HP: 29/29 MP: 2/2
   770 | D:2      | Reached XP level 3. HP: 35/35 MP: 3/3
   988 | D:2      | Reached skill level 1 in Invocations
  1003 | D:2      | Reached skill level 1 in Short Blades
  1003 | D:2      | Reached skill level 1 in Axes
  1003 | D:2      | Reached skill level 1 in Maces & Flails
  1003 | D:2      | Reached skill level 1 in Polearms
  1003 | D:2      | Reached skill level 1 in Staves
  1003 | D:2      | Reached skill level 1 in Slings
  1003 | D:2      | Reached skill level 1 in Bows
  1003 | D:2      | Reached skill level 1 in Crossbows
  1003 | D:2      | Reached skill level 1 in Throwing
  1003 | D:2      | Reached skill level 1 in Dodging
  1003 | D:2      | Reached skill level 1 in Stealth
  1003 | D:2      | Reached skill level 1 in Unarmed Combat
  1003 | D:2      | Reached skill level 1 in Spellcasting
  1003 | D:2      | Reached skill level 1 in Evocations
  1003 | D:2      | Reached XP level 4. HP: 35/41 MP: 5/5
  1060 | D:2      | Found a white marble altar of Elyvilon.
  1156 | D:2      | Became a worshipper of Elyvilon the Healer
  1203 | D:2      | Found a shadowy altar of Dithmenos.
  1466 | D:2      | Reached skill level 1 in Conjurations
  1466 | D:2      | Reached skill level 1 in Hexes
  1466 | D:2      | Reached skill level 1 in Charms
  1466 | D:2      | Reached skill level 1 in Summonings
  1466 | D:2      | Reached skill level 1 in Necromancy
  1466 | D:2      | Reached skill level 1 in Translocations
  1466 | D:2      | Reached skill level 1 in Transmutations
  1466 | D:2      | Reached skill level 1 in Fire Magic
  1466 | D:2      | Reached skill level 1 in Ice Magic
  1466 | D:2      | Reached skill level 1 in Air Magic
  1466 | D:2      | Reached skill level 1 in Earth Magic
  1466 | D:2      | Reached skill level 1 in Poison Magic
  1565 | D:3      | Noticed Natasha
  1569 | D:3      | Reached XP level 5. HP: 43/47 MP: 6/6
  1576 | D:3      | Killed Natasha
  1627 | D:3      | Noticed Natasha
  1631 | D:3      | Killed Natasha
  1641 | D:3      | Noticed Natasha
  1649 | D:3      | Killed Natasha
  1948 | D:3      | Found a bloodstained altar of Trog.
  1949 | D:3      | Reached * piety under Elyvilon
  2028 | D:3      | Reached XP level 6. HP: 53/53 MP: 8/8
  2137 | D:4      | Noticed Purgy
  2175 | D:3      | Killed Purgy
  2175 | D:3      | Reached skill level 5 in Long Blades
  2183 | D:4      | Killed from afar by an orc priest

Skill      XL: |  1  2  3  4  5  6 |
---------------+-------------------+-----
Invocations    | 1 2 |  2.2
Short Blades   | 1 2 |  2.0
Axes           | 1 2 |  2.0
Maces & Flails | 1 2 |  2.0
Polearms       | 1 2 |  2.0
Staves         | 1 2 |  2.0
Slings         | 1 2 |  2.0
Bows           | 1 2 |  2.0
Crossbows      | 1 2 |  2.0
Throwing       | 1 2 |  2.0
Dodging        | 1 2 |  2.0
Stealth        | 1 2 |  2.0
Unarmed Combat | 1 2 |  2.0
Spellcasting   | 1 2 |  2.0
Evocations     | 1 2 |  2.0
Conjurations   | 1 |  1.5
Hexes          | 1 |  1.5
Charms         | 1 |  1.5
Summonings     | 1 |  1.5
Necromancy     | 1 |  1.5
Translocations | 1 |  1.5
Transmutations | 1 |  1.5
Fire Magic     | 1 |  1.5
Ice Magic      | 1 |  1.5
Air Magic      | 1 |  1.5
Earth Magic    | 1 |  1.5
Poison Magic   | 1 |  1.5
Long Blades    | 5 |  5.0
Fighting       | |  6.8
Armour         | |  6.8
Shields        | |  6.8

Action                   |  1- 3 |  4- 6 || total
-------------------------+-------+-------++-------
Melee: Long sword        |   103 |   149 ||   252
       Bite              |    11 |    13 ||    24
  Use: Potion            |       |     1 ||     1
  Eat: Chunk             |     9 |     5 ||    14
Armor: Scale mail        |    35 |       ||    35
       Chain mail        |    17 |    81 ||    98
Dodge: Dodged            |    42 |    43 ||    85
Block: Shield            |    86 |   105 ||   191
       Rpst.: Long sword |    11 |    11 ||    22
